 Dungeon Crawl Stone Soup version 0.27-a0-396-g03f4e8edb7 (webtiles) character file.

Game seed: 11684930626636939386

37 CryoSword the Grasshopper (level 3, -5/18 HPs)
             Began as a Vine Stalker Warper on Feb 21, 2021.
             Slain by a gnoll (6 damage)
             ... on level 1 of the Dungeon.
             The game lasted 00:01:29 (1389 turns).

CryoSword the Grasshopper (Vine Stalker Warper)     Turns: 1389, Time: 00:01:30

Health: -5/18      AC:  4    Str: 13    XL:     3   Next: 39%
Magic:  0/7        EV: 12    Int: 13    God:
Gold:   23         SH:  0    Dex: 14    Spells: 6/6 levels left

rFire    . . .     SeeInvis .   a - +0 short sword
rCold    . . .     Faith    .   (no shield)
rNeg     . . .     Spirit   +   b - +0 leather armour
rPois    .         Reflect  .   (no helmet)
rElec    .         Harm     .   n - +0 cloak {Stlth+}
rCorr    .         Rampage  .   (no gloves)
Will     .....                  (no boots)
Stlth    ++........             (no amulet)
HPRegen  0.06/turn              (no ring)
MPRegen  0.10/turn              (no ring)

@: no status effects
A: fangs 2, magic shield, antimagic bite, no potion heal 3
a: no special abilities


You were on level 1 of the Dungeon.
You visited 1 branch of the dungeon, and saw 2 of its levels.

You collected 23 gold pieces.

Inventory:

Hand Weapons
 a - a +0 short sword (weapon)
Missiles
 e - 5 boomerangs of dispersal (quivered) {!f}
Armour
 b - a +0 leather armour (worn)
 n - a +0 cloak of stealth (worn)
   (You found it on level 1 of the Dungeon)
Jewellery
 i - a +4 ring of protection {unknown}
   (You found it on level 1 of the Dungeon)
Scrolls
 d - a scroll of blinking
 f - a scroll of noise {unknown}
 h - 3 scrolls of identify {unknown}
 j - a scroll of immolation {unknown}
 l - a scroll of teleportation {unknown}
Potions
 c - a potion of attraction {unknown}
 g - 2 potions of invisibility {unknown}
 k - a potion of magic {unknown}
 m - a potion of berserk rage {unknown}


   Skills:
 + Level 2.2 Fighting
 * Level 2.3 Short Blades
 - Level 0.8 Throwing
 - Level 0.7 Armour
 + Level 1.9 Dodging
 + Level 1.3 Stealth
 - Level 2.1 Spellcasting
 + Level 3.2 Translocations


You had 6 spell levels left.
You didn't know any spells.
Your spell library contained the following spells:

 Spells                   Type           Power        Failure   Level
 Blink                    Tloc           N/A          13%         2
 Gell's Gravitas          Tloc           4%           26%         3
 Lesser Beckoning         Tloc           4%           26%         3
 Teleport Other           Tloc           9%           26%         3
 Manifold Assault         Tloc           9%           63%         4


Dungeon Overview and Level Annotations

Branches:
Dungeon (2/15)

Altars:


Innate Abilities, Weirdness & Mutations

You have extremely sharp teeth.
When hurt, damage is shared between your health and your magic reserves.
Your bite disrupts and absorbs the magic of your enemies.
Potions cannot restore your health.


Message History

You barely miss the bat. Your bite misses the bat. The bat hits you.
You closely miss the bat. You bite the bat. You drain its power.
The bat barely misses you. The bat completely misses you.
You hit the bat.
You kill the bat!
You start resting.
There is a stone staircase leading down here.
h - 2 scrolls labelled KILA SACVA (gained 1)
You now have 13 gold pieces.
You see here a stone.
m - a dark potion You see here a stone.
A kobold is nearby!
A kobold is nearby!
A kobold is nearby!
A kobold is nearby!
The kobold shouts!
You hit the kobold. You hit the kobold.
You kill the kobold!
No target in view!
No target in view!
You now have 23 gold pieces (gained 10).
Things that are here:
a +0 dagger; a kobold corpse You see here a bat skeleton.
h - 3 scrolls labelled KILA SACVA (gained 1) Done exploring.
Done exploring.
Done exploring.
Done exploring.
There is a stone staircase leading down here.
You climb downwards.
A quokka comes into view.
Found a hand axe.
There is a stone staircase leading up here.
You climb upwards.
There is a stone staircase leading down here.
You see here a runed cloak.
n - a runed cloak You start putting on your armour.
You continue putting on your runed cloak. x4
You finish putting on your +0 cloak of stealth.
You feel stealthy.
There is a stone staircase leading down here.
You climb downwards.
There is a stone staircase leading up here.
The quokka misses you.
You hit the quokka. The quokka barely misses you.
You barely miss the quokka. The quokka barely misses you.
You hit the quokka.
You kill the quokka!
You have reached level 3!
Your experience leads to an increase in your attributes!
Increase (S)trength, (I)ntelligence, or (D)exterity?
You feel agile.
A bat comes into view.
The bat moves out of view.
The bat closely misses you.
A bat is nearby!
A bat is nearby!
A bat is nearby!
You closely miss the bat. Your bite misses the bat.
The bat hits you but does no damage.
No target in view!
No target in view!
The bat hits you but does no damage.
A bat is nearby!
A bat is nearby!
A bat is nearby!
A bat is nearby!
You hit the bat.
You kill the bat!
No target in view!
No target in view!
Found a stone staircase leading up.
A hobgoblin comes into view. It is wielding a +0 club.
A hobgoblin is nearby!
A hobgoblin is nearby!
A hobgoblin is nearby!
The hobgoblin shouts!
You hear an angry hiss.
Found a stone staircase leading down.
A frilled lizard comes into view.
Found an escape hatch in the ceiling.
The frilled lizard hisses angrily.
You hit the hobgoblin but do no damage.
You bite the hobgoblin, but do no damage.
The hobgoblin hits you but does no damage.
You hit the hobgoblin. The hobgoblin barely misses you.
You hit the hobgoblin. The hobgoblin closely misses you.
You barely miss the hobgoblin.
You bite the hobgoblin, but do no damage.
The hobgoblin hits you but does no damage.
You barely miss the hobgoblin. Your bite misses the hobgoblin.
The hobgoblin barely misses you.
You hit the hobgoblin.
You kill the hobgoblin!
The frilled lizard closely misses you.
You closely miss the frilled lizard. You bite the frilled lizard.
You kill the frilled lizard!
No target in view!
No target in view!
You see here a +0 club.
Found 22 arrows.
Found a stone staircase leading up.
A gnoll comes into view.
A gnoll is nearby!
A gnoll is nearby!
A gnoll is nearby!
A gnoll is nearby!
A gnoll comes into view. 2 gnolls come into view.
The gnoll shouts! x2; You hear a shout! x2
The gnoll hits you.
You hit the gnoll. Your bite misses the gnoll.
The gnoll hits you but does no damage.
You hit the gnoll but do no damage. You bite the gnoll, but do no damage.
A hobgoblin comes into view. It is wielding a +0 club.
The gnoll barely misses you.
The hobgoblin shouts!
You hit the gnoll. You bite the gnoll. You drain its power.
You feel invigorated. The gnoll barely misses you.
There is a stone staircase leading up here.
The gnoll closely misses you. The gnoll hits you.
You climb upwards.
There is a stone staircase leading down here.
You hit the gnoll but do no damage. The gnoll hits you. x2
You hit the gnoll. The gnoll hits you but does no damage. The gnoll misses you.
You hit the gnoll but do no damage. You bite the gnoll, but do no damage.
The gnoll misses you. The gnoll barely misses you.
You hit the gnoll.
You kill the gnoll!
The gnoll hits you.
* * * LOW HITPOINT WARNING * * *
You hit the gnoll. The gnoll closely misses you.
You hit the gnoll but do no damage. Your bite misses the gnoll.
The gnoll barely misses you.
You hit the gnoll but do no damage. You bite the gnoll, but do no damage.
The gnoll hits you.
* * * LOW HITPOINT WARNING * * *
You closely miss the gnoll. You bite the gnoll. You drain its power.
You feel invigorated. The gnoll barely misses you.
You hit the gnoll. You bite the gnoll. You drain its power. The gnoll hits you.
You barely miss the gnoll. You bite the gnoll, but do no damage.
The gnoll hits you but does no damage.
You closely miss the gnoll. Your bite misses the gnoll. The gnoll hits you!
* * * LOW HITPOINT WARNING * * *
You barely miss the gnoll. You bite the gnoll, but do no damage.
The gnoll hits you!
You die...

#.# #.# #....P. #.# #.#
###.....P #######.# #.#
##......PP #.....#.# #÷#
##........P #.....#.#
#.###.........P #....)..#
#......)....[..
#....†###########...#......
#.....# #.........#####.PP
###(### #@######..# #.##
###...#####g# #..# #..#
#...........# #..######.#
#.#...############.....#
#.#
#.##.............#.###.#
#.# #.##############.#.#
#.# #.# #.# #.#.# #.# #.#
#.# #...# #.###.# #.#
#.#####.##...


You could see a gnoll.

Vanquished Creatures
  A gnoll (D:1)
  A dart slug (D:1)
  A leopard gecko (D:1)
  2 giant cockroaches (D:1)
  2 goblins (D:1)
  4 hobgoblins
  A quokka (D:2)
  4 bats
  A frilled lizard (D:2)
  5 kobolds (D:1)
  2 rats (D:1)
24 creatures vanquished.

Vanquished Creatures (others)
  78 plants (D:1)
  2 withered plants (D:2)
80 creatures vanquished.

Grand Total: 104 creatures vanquished

Notes
Turn   | Place    | Note
-------+----------+-------------------------------------------
     0 | D:1      | CryoSword the Vine Stalker Warper began the quest for the
                  | Orb.
     0 | D:1      | Reached XP level 1. HP: 11/11 MP: 4/4
   245 | D:1      | Reached XP level 2. HP: 11/15 MP: 6/6
   958 | D:1      | Reached skill level 1 in Stealth
  1315 | D:2      | Reached XP level 3. HP: 18/18 MP: 7/7
  1389 | D:1      | Slain by a gnoll

Illustrated notes

Levels and vault maps discovered:
D:1:      roderic_crop_circles_arrival_small, layout_loops_ring
D:2:      layout_rooms, kiku_gazebo_garden_becter

Skill      XL: |  1  2 |
---------------+-------+-----
Short Blades   | 2 |  2.3
Fighting       | 2 |  2.2
Stealth        | 1 |  1.3
Throwing       | |  0.8
Armour         | |  0.7
Dodging        | |  1.9
Spellcasting   | |  2.1
Translocations | |  3.2

Action                   || total
-------------------------++-------
Melee: Short sword       ||   110
       Bite              ||    33
Armor: Leather armour    ||    30
Dodge: Dodged            ||    72

Table legend: (Time is in decaauts)
 A = Elapsed time spent in this place.
 B = Non-inter-level travel time spent in this place.
 C = Inter-level travel time spent in this place.
 D = Time resting spent in this place.
 E = Time spent auto-exploring this place.
 F = Levels seen in this place.
 G = Mean time per level.
                   A        B        C        D        E       F      G
               +--------+--------+--------+--------+--------+-----+--------+
         Total |   1390 |   1366 |     24 |    398 |    735 |   2 |  695.0 |
       Dungeon |   1390 |   1366 |     24 |    398 |    735 |   2 |  695.0 |
               +--------+--------+--------+--------+--------+-----+--------+

Top non-repeatable levels by time:
     D:1: 1319 daAuts
     D:2: 70 daAuts
